Map: Sito di ricerca JD-2

Players

YoungJae

  • Race: Zerg Zerg
  • League: Diamond
  • Spawn Location: 12:00

HaYDaRLisK

  • Race: Protoss Protoss
  • Spawn Location: 3:00

Jhyrachy

  • Race: Zerg Zerg
  • League: Silver
  • Spawn Location: 1:00

crazyrine

  • Race: Protoss Protoss
  • League: Gold
  • Spawn Location: 12:00

Tesla

  • Race: Terran Terran
  • Spawn Location: 6:00

Arud

  • Race: Terran Terran
  • Spawn Location: 7:00

Wallroll

  • Race: Terran Terran
  • Spawn Location: 7:00

Amarok

  • Race: Protoss Protoss
  • Spawn Location: 6:00

VOD

Have the link to the VOD?

Description

Time

  • Played on: March 26, 2016, 4:36 p.m.
  • Length: 16:58
Show
View Real Time Build Order
Export as new Build Order

YoungJae Zerg 

Build Orders: 3 Hatch before Pool 

Get SALT Encoding   

  12  0:08  Drone x2  
  14  0:28  Overlord  
  14  0:31  Extractor  
  14  0:33  Extractor  
  14  0:35  Drone x2  
  16  0:49  Drone  
  17  1:00  Hatchery  
  17  1:01  Drone  
  17  1:09  Drone  
  18  1:16  Drone  
  19  1:34  Hatchery  
  18  1:45  Spawning Pool  
  17  1:47  Drone x2  
  17  1:49  Drone  
  20  2:03  Extractor, Drone  
  20  2:12  Drone x2  
  22  2:36  Zergling x2  
  24  2:37  Zergling x6  
  24  2:44  Spine Crawler x2  
  25  2:46  Zergling x6  
  25  2:50  Spine Crawler  
  26  3:03  Drone x2  
  26  3:04  Drone x2  
  30  3:09  Metabolic Boost  
  30  3:10  Drone x2  
  32  3:32  Drone x2  
  34  3:34  Overlord x3  
  34  3:43  Extractor  
  34  3:44  Drone  
  34  3:46  Overlord  
  34  3:52  Queen  
  34  3:54  Drone  
  37  3:58  Drone x3  
  37  3:59  Overlord  
  40  4:04  Drone x2  
  40  4:09  Drone  
  43  4:12  Drone x2  
  45  4:18  Lair  
  45  4:20  Drone  
  46  4:25  Drone  
  46  4:26  Drone x2  
  49  4:35  Drone  
  50  4:40  Drone x3  
  53  4:47  Spore Crawler  
  53  4:48  Drone x2  
  53  4:51  Spore Crawler  
  53  4:55  Drone x2  
  53  4:56  Drone  
  56  5:03  Extractor  
  56  5:04  Extractor  
  56  5:05  Queen  
  56  5:07  Drone x4  
  56  5:13  Drone, Evolution Chamber  
  56  5:14  Overlord x2  
  60  5:15  Evolution Chamber  
  60  5:19  Hydralisk Den  
  58  5:22  Drone  
  58  5:23  Drone  
  58  5:24  Roach Warren  
  58  5:27  Drone x2  
  61  5:32  Extractor  
  61  5:33  Drone x3, Extractor  
  61  5:34  Drone  
  63  5:40  Zerg Missile Weapons Level 1  
  63  5:41  Zerg Ground Armor Level 1  
  63  5:47  Overlord x2  
  63  5:52  Muscular Augments  
  63  6:05  Hydralisk x2  
  63  6:06  Hydralisk x4  
  75  6:14  Hydralisk x2  
  75  6:18  Drone x2  
  81  6:24  Glial Reconstitution  
  81  6:27  Drone x2  
  81  6:31  Drone  
  84  6:45  Hydralisk x5  
  94  6:53  Roach x3  
  94  6:54  Roach x3  
  106  7:01  Overlord  
  106  7:02  Overlord x3  
  106  7:17  Overlord x5  
  105  7:25  Roach x3  
  111  7:31  Roach x4  
  119  7:42  Overseer x2  
  119  7:54  Pneumatized Carapace  
  119  7:55  Hydralisk x3  
  119  7:56  Hydralisk x4  
  133  8:02  Hydralisk x2  
  137  8:06  Drone x3  
  137  8:08  Drone x3  
  137  8:10  Queen  
  145  8:21  Hydralisk x4  
  153  8:32  Drone  
  154  8:45  Hydralisk  
  154  8:46  Hydralisk x6  
  154  8:47  Hydralisk  
  138  8:56  Hydralisk x4  
  134  9:02  Hydralisk  
  134  9:03  Hydralisk  
  120  9:16  Hydralisk x3  
  120  9:17  Hydralisk x2  
  114  9:21  Hydralisk x2  
  124  9:30  Roach  
  124  9:31  Roach x2  
  130  9:32  Overseer x3  
  130  9:46  Hydralisk x4  
  138  9:56  Roach x3  
  146  10:07  Roach x4  
  146  10:08  Roach  
  154  10:23  Roach  
  154  10:24  Roach  
  152  10:35  Hydralisk  
  154  10:50  Overlord x4  
  154  10:51  Overlord x2  
  146  11:09  Roach x4  
  146  11:10  Roach x2  
  136  11:18  Roach x4  
  138  11:19  Roach  
  132  11:26  Roach x2  
  132  11:28  Roach  
  114  11:34  Roach x2  
  114  11:47  Roach x3  
  114  11:50  Roach  
  114  11:54  Zerg Missile Weapons Level 2  
  122  11:55  Zerg Ground Armor Level 2  
  122  11:56  Lurker Den  
  122  11:57  Hydralisk  
  122  11:58  Hydralisk  
  126  12:02  Roach  
  128  12:13  Roach x2  
  128  12:14  Roach  
  134  12:23  Hatchery  
  134  12:26  Roach  
  134  12:27  Roach x5  
  145  12:44  Roach x3  
  145  12:45  Roach x3  
  157  12:52  Hatchery  
  157  12:56  Roach x6  
  157  12:57  Roach x5  
  172  13:05  Roach x3  
  170  13:07  Roach x2  
  175  13:26  Lurker x2  
  175  13:27  Lurker  
  178  13:29  Overseer  
  178  13:32  Roach  
  178  13:35  Overlord x5  
  178  13:42  Hatchery  
  139  13:55  Roach x2  
  139  13:56  Roach  
  141  14:14  Roach  
  141  14:15  Roach x6  
  141  14:16  Roach  
  157  14:22  Roach x4  
  161  14:33  Roach x4  
  169  14:44  Roach x3  
  146  14:49  Roach  
  146  14:53  Hydralisk  
  148  15:03  Lurker  
  148  15:04  Lurker x2  
  145  15:29  Roach  
  145  15:30  Roach x5  
  141  15:43  Roach x4  
  141  15:44  Roach  
  123  16:02  Hydralisk x5  
  131  16:37  Roach x3  
  131  16:38  Roach x4  
Show
View Real Time Build Order
Export as new Build Order

HaYDaRLisK Protoss 

Build Orders:  

Get SALT Encoding   

  12  0:01  Probe (Chrono Boost)  
  13  0:12  Probe (Chrono Boost)  
  14  0:20  Pylon  
  14  0:22  Probe (Chrono Boost)  
  15  0:38  Probe (Chrono Boost)  
  15  0:40  Gateway  
  16  0:49  Assimilator, Probe (Chrono Boost)  
  17  0:59  Probe (Chrono Boost)  
  18  1:10  Probe (Chrono Boost)  
  19  1:21  Probe (Chrono Boost)  
  20  1:33  Cybernetics Core, Probe (Chrono Boost)  
  21  1:43  Probe (Chrono Boost)  
  22  1:50  Assimilator  
  22  2:05  Gateway  
  22  2:10  Pylon  
  22  2:13  Forge  
  22  2:17  Pylon  
  22  2:18  Probe (Chrono Boost)  
  23  2:28  Adept  
  23  2:29  Probe (Chrono Boost)  
  26  2:40  Gateway  
  26  2:43  Warp Gate (Chrono Boost)  
  26  2:53  Adept  
  28  3:08  Adept  
  30  3:20  Adept  
  32  3:29  Nexus  
  32  3:33  Probe  
  33  3:45  Mothership Core  
  33  3:48  Adept  
  37  4:06  Probe  
  38  4:18  Probe  
  39  4:25  Twilight Council  
  39  4:28  Pylon  
  39  4:41  Probe (Chrono Boost)  
  40  4:49  Probe (Chrono Boost)  
  40  4:51  Assimilator  
  42  4:52  Probe (Chrono Boost)  
  42  4:57  Assimilator  
  42  4:58  Protoss Ground Weapons Level 1 (Chrono Boost)  
  42  4:59  Gateway, Pylon  
  42  5:01  Templar Archives  
  42  5:03  Pylon  
  42  5:12  Dark Shrine  
  42  5:23  Pylon  
  42  5:25  Probe  
  42  5:26  Probe  
  44  5:38  Probe  
  44  5:40  High Templar x2  
  44  5:42  Photon Cannon, High Templar  
  42  6:27  Stalker x2  
  42  6:28  Stalker  
  42  6:29  Probe  
  42  6:30  Probe  
  50  6:38  Charge  
  50  6:39  Probe  
  50  6:42  Probe  
  50  6:44  Protoss Ground Weapons Level 2 (Chrono Boost)  
  52  6:50  Probe  
  53  6:56  Photon Cannon  
  53  7:00  Nexus  
  53  7:06  Stalker  
  55  7:13  Probe  
  56  7:21  Pylon  
  55  7:37  Dark Templar  
  55  7:38  Dark Templar  
  59  7:50  Nexus  
  59  8:04  Pylon  
  59  8:05  Psionic Storm  
  59  8:14  Archon  
  59  8:15  Archon  
  56  8:29  Dark Templar x3  
  43  8:46  Stalker  
  39  9:07  High Templar x2  
  39  9:08  High Templar  
  45  9:10  Protoss Ground Weapons Level 3 (Chrono Boost)  
  45  9:12  Nexus  
  45  9:14  Pylon  
  45  9:30  Mothership Core  
  47  9:43  Zealot x4  
  55  9:48  Probe  
  55  9:49  Gateway  
  55  9:50  Gateway  
  55  9:51  Probe  
  55  9:52  Gateway  
  57  9:59  Probe  
  58  10:24  Probe  
  58  10:25  Probe  
  58  10:26  Probe  
  61  10:37  High Templar x4  
  69  11:04  Assimilator  
  69  11:08  Assimilator  
  69  11:11  Pylon  
  69  11:12  Photon Cannon, Stalker x4  
  69  11:14  Photon Cannon  
  69  11:16  Photon Cannon  
  75  11:26  Zealot x3  
  81  11:39  Protoss Ground Armor Level 1 (Chrono Boost)  
  81  11:57  Probe  
  81  11:58  Probe x2  
  82  12:08  Probe x2  
  82  12:10  Probe  
  82  12:15  Zealot x3  
  87  12:17  Photon Cannon, High Templar  
  87  12:19  Photon Cannon  
  87  12:21  Photon Cannon  
  93  12:25  Pylon  
  91  12:30  Pylon x2  
  91  12:40  Robotics Facility  
  91  12:41  Probe x2  
  91  12:42  Probe  
  94  12:56  Photon Cannon  
  94  12:57  Photon Cannon  
  94  13:02  High Templar x6  
  106  13:27  Nexus  
  106  13:35  Pylon  
  94  13:42  Pylon  
  67  14:10  Archon  
  67  14:11  Archon x2  
  67  14:12  Archon  
  67  14:16  Zealot x2  
  68  14:17  Zealot x4  
  68  14:18  Dark Templar  
  66  14:36  Probe  
  61  14:56  Dark Templar x7  
  34  15:49  Stalker x3  
  40  15:50  Stalker x2  
  40  15:54  High Templar  
  40  15:55  High Templar  
  44  16:20  Dark Templar x2  
  44  16:21  Dark Templar  
Show
View Real Time Build Order
Export as new Build Order

Jhyrachy Zerg 

Build Orders: Hatch First, Lurkers 

Get SALT Encoding   

  12  0:03  Drone  
  13  0:13  Drone  
  14  0:18  Overlord  
  14  0:38  Drone x3  
  17  1:02  Hatchery  
  17  1:03  Drone  
  17  1:04  Drone  
  18  1:08  Extractor  
  17  1:22  Spawning Pool  
  16  1:35  Drone x3  
  19  2:02  Drone x2  
  21  2:14  Queen  
  21  2:15  Queen  
  25  2:21  Drone x3  
  28  2:45  Extractor  
  28  2:46  Drone  
  28  2:58  Overlord x2  
  28  3:00  Lair  
  28  3:21  Drone x3  
  31  3:28  Drone  
  31  3:29  Drone x8  
  31  3:33  Extractor  
  39  3:42  Evolution Chamber  
  39  3:45  Evolution Chamber  
  37  3:52  Extractor  
  36  4:01  Queen  
  38  4:07  Drone x3  
  38  4:09  Drone  
  42  4:26  Hydralisk Den  
  42  4:30  Zerg Missile Weapons Level 1  
  41  4:31  Zerg Ground Armor Level 1  
  41  4:43  Drone  
  41  4:44  Drone x2  
  44  5:01  Lurker Den  
  44  5:06  Burrow  
  44  5:12  Overlord  
  44  5:13  Overlord x3  
  44  5:37  Baneling Nest  
  43  5:52  Metabolic Boost  
  43  6:02  Drone  
  43  6:03  Drone x3  
  47  6:11  Overlord x3  
  47  6:22  Centrifical Hooks  
  47  6:25  Zerg Missile Weapons Level 2  
  47  6:26  Zerg Ground Armor Level 2  
  47  6:29  Muscular Augments  
  47  6:36  Hydralisk  
  47  6:37  Hydralisk x9  
  47  6:39  Hydralisk  
  69  6:52  Zergling x12  
  69  6:53  Zergling x2  
  76  7:32  Lurker x3  
  76  7:33  Lurker x2  
  81  7:47  Lurker  
  82  8:10  Lurker x3  
  86  8:20  Lurker  
  86  8:22  Lurker  
  87  9:26  Hatchery  
  86  9:43  Baneling x12  
  86  9:44  Baneling x2  
  86  9:45  Zergling x12  
  92  9:47  Overlord x4  
  92  9:48  Overlord  
  92  10:16  Baneling  
  92  10:17  Baneling x11  
  92  10:19  Zerg Melee Weapons Level 1  
  92  10:34  Zergling x2  
  92  10:35  Zergling x38  
  112  10:44  Extractor  
  111  11:00  Queen  
  113  11:43  Infestation Pit  
  104  13:12  Drone  
  104  13:13  Drone x5  
  80  14:01  Baneling x25  
  80  14:08  Hive  
  80  14:44  Spire  
  79  14:52  Baneling  
  79  14:53  Baneling x15  
  79  14:54  Baneling x24  
  79  15:09  Pathogen Glands  
  37  16:10  Swarm Host x2  
  37  16:11  Swarm Host  
Show
View Real Time Build Order
Export as new Build Order

crazyrine Protoss 

Build Orders:  

Get SALT Encoding   

  12  0:01  Probe (Chrono Boost)  
  13  0:12  Probe (Chrono Boost)  
  14  0:22  Probe (Chrono Boost), Pylon  
  15  0:41  Probe (Chrono Boost)  
  16  0:44  Gateway  
  16  0:46  Assimilator  
  16  0:51  Probe (Chrono Boost)  
  17  1:02  Probe (Chrono Boost)  
  18  1:04  Assimilator  
  18  1:12  Probe (Chrono Boost)  
  19  1:23  Probe (Chrono Boost)  
  20  1:32  Cybernetics Core  
  20  1:33  Probe (Chrono Boost)  
  21  1:53  Probe (Chrono Boost)  
  22  2:03  Probe (Chrono Boost)  
  22  2:04  Forge  
  23  2:11  Pylon  
  23  2:14  Pylon  
  23  2:20  Gateway  
  25  2:30  Mothership Core (Chrono Boost)  
  25  2:44  Photon Cannon  
  25  2:48  Probe (Chrono Boost), Stalker  
  28  2:55  Warp Gate (Chrono Boost)  
  28  2:59  Probe  
  29  3:09  Gateway  
  29  3:10  Pylon  
  29  3:22  Photon Cannon  
  29  3:26  Stalker  
  31  3:51  Stalker  
  33  3:58  Pylon  
  33  4:00  Stalker  
  33  4:02  Stalker  
  37  4:21  Twilight Council  
  37  4:25  Stalker  
  39  4:50  Protoss Ground Weapons Level 1 (Chrono Boost)  
  39  4:59  Nexus  
  39  5:03  Pylon  
  39  5:10  Templar Archives  
  39  5:16  Probe  
  39  5:17  Pylon  
  40  5:23  Stalker  
  42  5:31  Probe  
  43  5:43  Probe  
  43  5:45  Pylon  
  44  5:55  Probe  
  45  6:04  Assimilator  
  45  6:09  Photon Cannon  
  45  6:10  Probe  
  45  6:12  Assimilator  
  46  6:20  Probe  
  46  6:24  Psionic Storm  
  47  6:26  High Templar  
  47  6:28  High Templar  
  47  6:31  Probe  
  52  6:36  High Templar  
  54  6:41  Probe  
  55  6:52  Probe  
  56  7:02  Protoss Ground Weapons Level 2 (Chrono Boost), Probe  
  56  7:03  High Templar  
  59  7:12  Pylon  
  59  7:13  Probe  
  59  7:23  Probe  
  60  7:34  Probe, Stalker  
  60  7:35  Stalker  
  63  7:44  Probe  
  63  7:46  Pylon  
  64  7:55  Probe, Stalker  
  67  8:03  Gateway  
  67  8:04  Blink (Chrono Boost), Gateway  
  67  8:05  Probe  
  68  8:16  Probe  
  69  8:25  Robotics Facility  
  69  8:27  Probe  
  70  8:38  Probe  
  71  8:45  Protoss Ground Armor Level 1  
  67  8:50  Probe  
  54  9:01  High Templar  
  54  9:02  Probe, High Templar x2  
  60  9:14  Probe, Mothership Core  
  63  9:25  High Templar  
  63  9:26  High Templar  
  66  9:51  Nexus  
  65  9:57  High Templar  
  65  9:58  High Templar  
  65  9:59  Zealot x2  
  73  10:00  Zealot  
  73  10:06  Charge (Chrono Boost)  
  73  10:41  Pylon  
  73  10:43  Pylon  
  73  10:44  Pylon  
  71  11:10  Probe  
  71  11:18  Assimilator  
  72  11:20  Probe  
  72  11:22  Assimilator  
  72  11:24  Zealot  
  72  11:25  Zealot, High Templar  
  77  11:26  High Templar x2  
  77  11:31  Probe  
  60  12:01  Nexus  
  60  12:05  Pylon  
  60  12:09  Observer  
  60  12:10  High Templar  
  60  12:11  Zealot x3  
  60  12:12  Zealot  
  71  12:22  Pylon  
  71  12:23  Probe  
  61  12:31  Observer  
  61  12:33  Probe  
  63  13:01  High Templar x3  
  63  13:02  Zealot x2  
  63  13:03  Probe  
  63  13:04  Gateway  
  74  13:14  Probe  
  73  13:24  Probe  
  68  13:35  Probe  
  68  13:36  Zealot x2  
  67  13:43  Probe  
  66  13:54  Probe  
  66  14:02  Protoss Ground Weapons Level 3  
  66  14:04  Nexus, Probe  
  52  14:11  Zealot x4  
  52  14:12  Zealot  
  52  14:15  Observer  
  63  14:28  Assimilator, Mothership Core  
  63  14:30  Assimilator  
  64  14:36  Immortal  
  68  14:41  Pylon  
  68  14:43  Pylon  
  68  14:45  Gateway  
  68  14:48  High Templar  
  68  14:52  Zealot x2  
  74  15:03  High Templar  
  74  15:04  Zealot  
  74  15:05  Zealot  
  80  15:15  Probe, Immortal  
  80  15:21  High Templar, Zealot  
  87  15:22  Zealot  
  87  15:25  Probe  
  92  15:30  High Templar  
  94  15:36  Probe  
  94  15:42  Zealot x4  
  101  15:46  Probe  
  98  15:59  Zealot x2  
  72  16:18  High Templar x3  
  57  16:19  Zealot  
  57  16:20  Zealot  
  61  16:32  Zealot  
  57  16:45  Zealot  
  57  16:46  Pylon  
  61  16:54  Zealot  
  61  16:55  Zealot x2  
Show
View Real Time Build Order
Export as new Build Order

Tesla Terran 

Build Orders: MMM Bio 

Get SALT Encoding   

  12  0:01  SCV  
  13  0:14  SCV  
  14  0:26  SCV  
  15  0:37  Supply Depot  
  15  0:58  SCV  
  15  1:00  Barracks  
  16  1:08  Barracks  
  16  1:10  SCV  
  17  1:15  Refinery  
  17  1:23  SCV  
  18  1:32  Barracks  
  18  1:35  SCV  
  19  1:47  Marine, SCV  
  19  1:52  Supply Depot  
  21  1:56  Marine  
  22  2:05  Marine  
  23  2:16  Orbital Command  
  23  2:29  Marine x3  
  26  2:47  Marine  
  27  2:56  SCV  
  28  3:11  Barracks Tech Lab  
  28  3:17  Barracks Reactor  
  28  3:20  Barracks Reactor  
  28  3:29  SCV  
  28  3:33  Refinery  
  29  3:37  Marine  
  29  3:39  Combat Shields  
  29  3:41  SCV  
  31  3:42  Command Center  
  31  3:52  Engineering Bay  
  31  4:02  Supply Depot  
  31  4:24  Marine x5, SCV  
  31  4:25  Terran Infantry Weapons Level 1  
  37  4:36  SCV  
  38  4:42  Marine  
  39  4:53  Marine x4  
  39  4:56  Missile Turret  
  39  4:58  SCV  
  39  4:59  Marine, Stimpack  
  44  5:04  Supply Depot  
  44  5:06  Supply Depot  
  45  5:10  SCV  
  46  5:14  Orbital Command  
  46  5:22  SCV  
  46  5:24  Missile Turret  
  46  5:26  Marine x2  
  46  5:27  Marine x3  
  52  5:34  SCV  
  53  5:42  Sensor Tower  
  53  5:44  Marine x3  
  53  5:45  Marine  
  57  5:55  Marine, Factory  
  58  5:58  SCV  
  58  6:02  Marine x2  
  61  6:06  SCV  
  63  6:18  SCV  
  63  6:19  Refinery, SCV  
  63  6:22  Terran Infantry Armor Level 1  
  63  6:23  Marine x5  
  69  6:26  Supply Depot  
  69  6:31  SCV  
  70  6:42  Starport  
  70  6:43  Factory Reactor  
  70  6:47  Marine x4  
  70  6:48  SCV x2  
  70  6:50  Supply Depot  
  76  7:00  Marine, SCV  
  78  7:11  Marine x4  
  78  7:12  Supply Depot, SCV  
  78  7:15  Supply Depot  
  83  7:16  Supply Depot  
  83  7:17  Supply Depot  
  83  7:24  SCV  
  84  7:32  Barracks  
  84  7:36  Marauder, SCV  
  87  7:37  Supply Depot  
  87  7:39  Medivac x2  
  91  7:45  Concussive Shells  
  91  7:47  Marine x3  
  91  7:50  Marine  
  95  7:54  Widow Mine  
  95  7:58  Marauder  
  99  8:19  Marauder  
  101  8:27  Marine x4  
  105  8:40  Marine  
  48  9:26  Marine x5  
  48  9:31  Barracks Reactor  
  53  9:36  Engineering Bay  
  53  9:43  Marine  
  53  9:44  Armory, Marine x4, SCV  
  59  9:47  Medivac x2  
  63  9:56  SCV  
  64  10:01  Marine  
  64  10:02  Marine x4  
  69  10:17  Medivac x2  
  69  10:18  Command Center  
  69  10:19  Marine  
  69  10:20  Marine x4  
  78  10:25  SCV  
  78  10:26  SCV  
  80  10:29  Marine x2  
  80  10:34  Terran Infantry Armor Level 2, Terran Infantry Weapons Level 2  
  82  10:37  Marine x5  
  82  10:42  Refinery  
  87  10:44  Supply Depot  
  87  10:46  Medivac  
  87  10:47  Marine x2, Medivac  
  87  10:48  Supply Depot  
  93  10:51  Supply Depot  
  93  10:52  Supply Depot  
  93  10:55  Marine  
  94  11:09  Marine x4  
  94  11:10  Marine x2  
  100  11:13  Marine  
  101  11:27  Marine x5  
  101  11:32  Missile Turret  
  106  11:34  Marine x2  
  108  11:44  Marine  
  108  11:45  Marine x4  
  79  11:51  Marine  
  79  11:52  Marine  
  60  12:02  Marine x2  
  60  12:03  Marine x3  
  60  12:05  Medivac x2  
  69  12:09  Marine x2  
  69  12:15  Planetary Fortress  
  71  12:20  Marine x3  
  71  12:21  Marine x2  
  76  12:27  Marine x2  
  78  12:35  Medivac x2  
  82  12:38  Marine x3  
  85  12:49  Terran Vehicle And Ship Armor Level 1  
  83  12:54  Marine x4  
  83  12:56  Marine x3  
  83  12:57  Terran Infantry Weapons Level 3  
  83  12:58  Terran Infantry Armor Level 3  
  90  13:05  Medivac x2  
  94  13:12  Marine x4  
  98  13:14  Marine x3  
  101  13:29  Marine  
  101  13:30  Marine x3  
  101  13:31  Marine  
  101  13:32  Marine x2  
  108  13:35  Medivac x2  
  106  13:47  Marine  
  107  13:52  Marine  
  107  13:53  Marine x5  
  113  14:05  Marine, Medivac x2  
  115  14:10  Marine x6  
  110  14:23  Marine  
  111  14:28  Marine x6  
  107  14:41  Marine  
  89  14:45  Marine  
  89  14:46  Marine x5  
  95  14:59  Marine  
  96  15:03  Marine  
  96  15:04  Marine x5  
  94  15:16  Marine  
  95  15:21  Marine  
  95  15:22  Marine x5  
  101  15:34  Marine  
  102  15:39  Marine x4  
  102  15:40  Marine  
  103  15:50  Marine  
  103  15:52  Marine  
  102  15:57  Marine x4  
  105  16:08  Marine  
  105  16:10  Marine  
  107  16:15  Marine x4  
  111  16:26  Marine  
  111  16:28  Marine  
  113  16:33  Marine x4  
Show
View Real Time Build Order
Export as new Build Order

Arud Terran 

Build Orders: MMM Bio 

Get SALT Encoding   

  12  0:08  SCV  
  13  0:21  SCV  
  14  0:33  SCV  
  14  0:35  Supply Depot  
  16  0:57  SCV  
  16  1:00  Barracks  
  16  1:03  Refinery  
  16  1:09  SCV  
  17  1:21  SCV  
  18  1:33  SCV  
  19  1:45  SCV  
  20  1:57  SCV  
  21  2:07  Factory  
  21  2:09  SCV  
  22  2:18  Command Center  
  22  2:20  Marine  
  23  2:25  Orbital Command  
  23  2:31  Refinery  
  23  2:34  Supply Depot  
  23  2:53  Factory Tech Lab  
  23  3:00  Factory Reactor  
  23  3:04  Factory  
  23  3:12  Barracks Tech Lab  
  23  3:21  Engineering Bay  
  23  3:23  SCV  
  24  3:37  SCV x2  
  26  3:50  Factory Tech Lab  
  26  3:52  Hellion  
  26  3:53  Hellion  
  26  3:55  Combat Shields  
  30  4:01  Supply Depot  
  29  4:20  Hellion x2  
  29  4:21  Hellion  
  29  4:23  Infernal Pre-Igniter  
  35  4:30  Orbital Command  
  35  4:33  SCV  
  35  4:37  Refinery x2  
  35  4:38  Missile Turret  
  36  4:45  SCV  
  37  4:52  Hellion x2  
  41  4:57  SCV  
  42  5:05  Barracks  
  42  5:09  Missile Turret, SCV  
  43  5:21  SCV  
  43  5:24  SCV  
  45  5:33  SCV  
  45  5:35  Stimpack, Factory  
  46  5:36  SCV  
  47  5:45  SCV  
  47  5:47  Siege Tank  
  47  5:48  Widow Mine  
  53  5:53  Supply Depot  
  53  6:07  Widow Mine  
  41  6:42  Siege Tank, Factory Tech Lab  
  41  6:43  Widow Mine x2  
  48  7:05  Barracks Reactor  
  48  7:14  Siege Tank  
  51  7:18  Marine  
  52  7:35  Marine  
  53  7:46  Factory Tech Lab  
  53  7:50  Armory, Marine  
  53  7:51  Armory, Marine  
  55  7:52  SCV x2  
  55  7:53  Marine, Supply Depot  
  58  8:04  SCV x2  
  60  8:08  Marine x2  
  62  8:14  Marine  
  62  8:16  Supply Depot, SCV  
  62  8:17  SCV  
  62  8:18  Siege Tank  
  68  8:26  Marine x2, Supply Depot x2  
  70  8:29  Supply Depot  
  70  8:37  Marine  
  70  8:38  Siege Tank x2, SCV  
  78  8:50  Supply Depot  
  73  9:04  Command Center  
  68  9:10  Refinery  
  64  9:35  Refinery  
  64  9:47  Marine x3  
  67  10:02  SCV x2  
  67  10:04  Marine  
  67  10:05  Marine x2  
  69  10:08  Missile Turret  
  70  10:14  SCV x2  
  70  10:15  Terran Infantry Armor Level 1  
  70  10:20  Terran Vehicle Weapons Level 1  
  70  10:21  Terran Vehicle And Ship Armor Level 1  
  68  10:22  Marine  
  68  10:23  Missile Turret, Marine x2  
  68  10:25  Supply Depot  
  68  10:30  Supply Depot  
  65  10:36  Supply Depot  
  65  10:40  Marine  
  47  11:20  Refinery  
  47  11:21  Refinery  
  47  11:25  Planetary Fortress  
  47  11:26  Missile Turret  
  47  11:28  Thor x2  
  47  11:29  Thor  
  47  11:31  Marine x3  
  68  11:49  Marine x3  
  68  11:50  Factory  
  71  12:07  Marine x3  
  74  12:09  Terran Infantry Weapons Level 1  
  74  12:24  Marine  
  74  12:28  SCV x3  
  78  12:32  Thor  
  78  12:33  Thor x2  
  78  12:34  Factory Tech Lab  
  96  12:40  Marine x2, SCV x3  
  96  12:42  Marine  
  100  12:52  SCV  
  100  12:58  Marine  
  94  13:06  Command Center  
  87  13:15  Thor  
  93  13:23  SCV x2  
  55  14:02  Thor x4  
  67  14:03  Terran Infantry Armor Level 2  
  67  14:04  Marine  
  67  14:05  Marine x2  
  76  14:19  Missile Turret  
  76  14:22  Marine  
  77  14:35  Planetary Fortress  
  75  14:47  SCV x2  
  75  14:51  Thor  
  83  14:55  Thor  
  83  14:59  SCV  
  64  15:56  Thor x2  
  62  16:08  Thor  
  62  16:17  Marine x3  
  59  16:35  Marine  
  60  16:43  Supply Depot  
Show
View Real Time Build Order
Export as new Build Order

Wallroll Terran 

Build Orders: Mech 

Get SALT Encoding   

  12  0:02  SCV  
  13  0:14  SCV  
  14  0:26  SCV  
  15  0:29  Supply Depot  
  15  0:34  Refinery  
  15  0:50  SCV  
  15  0:52  Barracks  
  16  0:59  Refinery  
  16  1:03  SCV  
  17  1:15  SCV  
  18  1:19  Supply Depot  
  18  1:27  SCV  
  19  1:40  Barracks Tech Lab  
  19  1:41  Factory  
  19  1:48  Orbital Command  
  19  2:10  Barracks Tech Lab  
  19  2:11  Factory  
  19  2:16  SCV  
  20  2:35  Siege Tank  
  23  2:39  SCV  
  24  2:51  SCV  
  25  3:03  SCV  
  29  3:05  Siege Tank  
  29  3:17  Supply Depot  
  29  3:28  SCV  
  29  3:32  Command Center  
  30  3:39  Siege Tank x2  
  30  3:40  Supply Depot  
  36  4:02  Armory  
  36  4:29  Supply Depot  
  36  4:37  Armory  
  36  4:47  Orbital Command  
  36  4:50  Refinery  
  36  4:56  Siege Tank  
  36  4:59  Terran Vehicle Weapons Level 1  
  39  5:01  Refinery  
  39  5:02  SCV, Supply Depot  
  40  5:12  SCV  
  40  5:14  SCV  
  42  5:24  SCV, Terran Vehicle And Ship Armor Level 1, Supply Depot  
  43  5:31  Engineering Bay  
  43  5:34  Siege Tank  
  46  5:36  SCV x2  
  48  5:48  SCV  
  49  5:56  Supply Depot  
  49  6:00  SCV  
  50  6:13  SCV  
  50  6:14  Missile Turret  
  51  6:24  Factory x2  
  51  6:25  SCV  
  52  6:28  Factory  
  52  6:36  Missile Turret  
  52  6:37  Thor, SCV  
  59  6:48  Hi-Sec Auto Tracking  
  59  6:49  SCV  
  60  6:57  Missile Turret  
  61  7:01  Missile Turret, SCV  
  61  7:05  Terran Vehicle Weapons Level 2  
  61  7:08  Factory Tech Lab  
  61  7:10  Factory Tech Lab  
  61  7:11  Factory Tech Lab  
  61  7:13  SCV  
  62  7:21  Missile Turret  
  62  7:23  Terran Vehicle And Ship Armor Level 2  
  62  7:25  SCV  
  63  7:31  Supply Depot  
  63  7:41  SCV  
  64  7:45  Missile Turret  
  64  7:53  SCV  
  64  7:56  Thor  
  71  8:05  SCV  
  71  8:09  Missile Turret  
  71  8:10  Command Center  
  71  8:12  Supply Depot  
  72  8:14  Thor  
  72  8:18  Thor, SCV  
  85  8:41  Supply Depot  
  85  8:42  Thor  
  85  8:46  Thor  
  97  9:12  Supply Depot  
  97  9:16  Thor  
  103  9:18  Supply Depot  
  103  9:26  Planetary Fortress  
  103  9:30  Missile Turret  
  103  9:51  Thor  
  103  9:52  Missile Turret  
  109  10:11  SCV  
  110  10:14  Missile Turret  
  110  10:15  Supply Depot  
  110  10:16  Terran Vehicle Weapons Level 3  
  110  10:17  Supply Depot  
  110  10:23  SCV  
  110  10:24  Terran Vehicle And Ship Armor Level 3  
  111  10:34  Starport  
  111  10:35  Missile Turret, SCV  
  112  10:44  Missile Turret  
  112  10:47  Refinery, SCV  
  113  10:55  Refinery  
  113  10:57  Missile Turret  
  113  10:59  SCV  
  114  11:06  Missile Turret  
  114  11:08  Supply Depot  
  114  11:09  Supply Depot  
  114  11:10  Starport Tech Lab  
  114  11:15  SCV  
  115  11:27  SCV  
  116  11:33  Missile Turret  
  116  11:36  Raven  
  118  11:42  Thor x2  
  130  11:52  Supply Depot  
  130  11:53  Supply Depot  
  130  11:54  Missile Turret, Thor  
  130  11:58  Hellbat x2  
  140  12:03  Infernal Pre-Igniter  
  140  12:19  Hellbat x2, Raven  
  146  12:25  Hellbat x2  
  150  12:37  Hellbat  
  150  12:40  Hellbat  
  150  12:41  Hellbat  
  156  12:46  Thor  
  156  12:47  Hellbat  
  164  12:52  Supply Depot  
  164  12:56  Supply Depot  
  164  12:58  Thor  
  164  13:02  Hellbat x2  
  174  13:08  Hellbat  
  176  13:23  Hellbat x2  
  157  14:26  Thor x4  
  157  14:27  Thor  
  187  15:09  Thor x2  
Show
View Real Time Build Order
Export as new Build Order

Amarok Protoss 

Build Orders: Blink Stalkers 

Get SALT Encoding   

  12  0:01  Probe (Chrono Boost)  
  13  0:11  Probe (Chrono Boost)  
  14  0:17  Pylon  
  14  0:22  Probe (Chrono Boost)  
  15  0:36  Probe (Chrono Boost)  
  15  0:38  Gateway  
  16  0:46  Probe (Chrono Boost)  
  16  0:48  Assimilator  
  18  0:57  Assimilator, Probe (Chrono Boost)  
  18  1:07  Probe (Chrono Boost)  
  19  1:18  Probe (Chrono Boost)  
  20  1:26  Cybernetics Core  
  20  1:28  Probe (Chrono Boost)  
  20  1:31  Pylon  
  21  1:39  Probe (Chrono Boost)  
  22  1:49  Probe (Chrono Boost)  
  23  1:57  Gateway  
  23  2:00  Probe (Chrono Boost)  
  24  2:05  Twilight Council  
  24  2:06  Warp Gate (Chrono Boost)  
  24  2:33  Nexus  
  24  2:39  Probe  
  24  2:43  Blink (Chrono Boost)  
  25  2:49  Pylon  
  25  2:52  Probe  
  26  3:05  Gateway  
  26  3:15  Probe  
  26  3:17  Gateway  
  27  3:34  Probe  
  28  3:44  Pylon  
  28  3:46  Probe  
  29  4:02  Stalker x3  
  35  4:15  Stalker  
  37  4:20  Probe, Pylon  
  37  4:21  Probe  
  39  4:43  Forge  
  39  4:45  Pylon  
  39  4:49  Assimilator  
  39  4:51  Stalker  
  39  4:52  Stalker x3  
  47  4:53  Assimilator  
  47  4:57  Probe x2 (Chrono Boost)  
  49  5:08  Probe (Chrono Boost)  
  50  5:16  Robotics Facility  
  50  5:17  Protoss Ground Weapons Level 1 (Chrono Boost)  
  50  5:22  Photon Cannon  
  50  5:27  Photon Cannon  
  50  5:32  Photon Cannon  
  50  5:35  Photon Cannon  
  50  5:37  Probe  
  50  5:38  Probe  
  52  5:48  Forge  
  52  5:54  Stalker  
  52  5:55  Stalker  
  56  6:05  Observer (Chrono Boost)  
  56  6:10  Probe  
  57  6:12  Probe  
  59  6:19  Stalker x4  
  59  6:22  Probe  
  59  6:24  Probe  
  69  6:28  Protoss Ground Armor Level 1 (Chrono Boost)  
  69  6:39  Robotics Bay  
  69  6:42  Probe x2  
  70  6:55  Stalker x3  
  76  7:41  Extended Thermal Lance (Chrono Boost)  
  76  7:44  Protoss Ground Weapons Level 2 (Chrono Boost)  
  76  7:50  Pylon  
  76  7:52  Pylon  
  76  7:53  Pylon  
  76  7:55  Pylon  
  76  8:08  Colossus  
  72  9:00  Stalker x2  
  72  9:01  Colossus, Stalker x2  
  86  9:08  Gateway  
  86  9:09  Protoss Ground Armor Level 2 (Chrono Boost)  
  86  9:11  Gateway  
  86  9:13  Gateway  
  86  9:16  Gateway  
  84  9:29  Robotics Facility  
  84  9:52  Stalker x4  
  92  9:56  Observer  
  89  10:30  Stalker x4  
  97  10:36  Observer Gravitic Boosters (Chrono Boost)  
  97  10:38  Observer  
  48  11:54  Colossus (Chrono Boost)  
  48  11:57  Stalker x2  
  48  11:58  Stalker x6  
  48  12:00  Colossus (Chrono Boost)  
  70  12:08  Protoss Ground Armor Level 3 (Chrono Boost)  
  70  12:26  Protoss Ground Weapons Level 3 (Chrono Boost), Stalker x5  
  70  12:27  Stalker x3  
  86  12:48  Observer  
  87  12:54  Observer  
  88  13:00  Stalker  
  88  13:01  Colossus, Stalker x2  
  100  13:14  Colossus  
  70  14:09  Stalker x3  
  60  14:10  Stalker x5  
  64  14:18  Charge (Chrono Boost)  
  64  14:50  Colossus  
  64  14:53  Zealot x7  
  64  14:54  Zealot  
  86  15:32  Zealot x6  
Tags
 
Add a new tag
Caveats
  • Supply blocks, unpowered buildings, or Contaminate may cause inaccurate times.
  • Supply counts are checked every 10 seconds.